 Dungeon Crawl Stone Soup version 0.22-a0-480-g991dd4b (webtiles) character file.

102 Darkshadow the Chopper (level 4, 0/42 HPs)
             Began as a Hill Orc Monk on June 16, 2018.
             Was a Believer of Beogh.
             Slain by an adder (2 damage)
             ... on level 4 of the Dungeon.
             The game lasted 00:16:51 (3162 turns).

Darkshadow the Chopper (Hill Orc Monk)              Turns: 3162, Time: 00:16:51

Health: 0/42       AC:  3    Str: 12 (14) XL:     4   Next: 77%
Magic:  4/4        EV: 12    Int:  9 (10) God:    Beogh [**....]
Gold:   89         SH:  0    Dex: 12 (13) Spells: 3/3 levels left

rFire    . . .     SeeInvis .   a - +0 hand axe
rCold    . . .     Gourm    .   (no shield)
rNeg     . . .     Faith    .   b - +0 robe
rPois    .         Spirit   .   (no helmet)
rElec    .         Reflect  .   (no cloak)
rCorr    .         Harm     .   (no gloves)
MR       .....     Rnd*Rage +   (no boots)
Stlth    ++........             (no amulet)
HPRegen  0.14/turn              (no ring)
MPRegen  0.09/turn              (no ring)

@: lethally poisoned (0 -> -8)
A: rugged brown scales 1, berserk 1, subdued magic 1
a: Smiting, Renounce Religion


You were on level 4 of the Dungeon.
You worshipped Beogh.
Beogh was pleased with you.
You were not hungry.

You visited 1 branch of the dungeon, and saw 4 of its levels.

You collected 89 gold pieces.

Inventory:

Hand Weapons
 a - a +0 hand axe (weapon)
 s - a +0 hunting sling
Missiles
 n - 2 throwing nets
 o - 107 stones (quivered)
Armour
 b - a +0 robe (worn)
 f - a cursed +0 scale mail
 l - a +2 chain mail of fire resistance
 r - a +0 ring mail
Jewellery
 q - a cursed ring of loudness {unknown}
Scrolls
 d - 2 scrolls of teleportation
 g - a scroll of remove curse {unknown}
 i - a scroll of fog {unknown}
 j - a scroll of fear
 p - 2 scrolls of identify {unknown}
 t - a scroll of blinking {unknown}
 v - a scroll of noise {unknown}
Potions
 h - a potion of agility {unknown}
 m - a potion of lignification {unknown}
 u - a potion of flight {unknown}
 w - a potion of invisibility {unknown}
Comestibles
 c - 2 rations


   Skills:
 + Level 4.5 Fighting
 * Level 5.7 Axes
 + Level 2.0 Armour
 - Level 2.4 Dodging
 - Level 1.5 Stealth


You had 3 spell levels left.
You didn't know any spells.
Your spell library was empty.

Dungeon Overview and Level Annotations

Branches:
Dungeon (4/15)
 Temple: D:4-7

Altars:
Hepliaklqana

Portals:
Sewer: D:4


Innate Abilities, Weirdness & Mutations

You are partially covered in rugged brown scales. (AC +1, +3% HP)
You tend to lose your temper in combat.
Your spells are a little easier to cast, but a little less powerful.


Message History

The adder is almost dead.
You hit the worm.
You feel sick.
The giant cockroach bites the orc.
The orc hits the giant cockroach but does no damage.
The adder bites you.
* * * LOW HITPOINT WARNING * * *
You are more poisoned.
The adder poisons you!
The giant cockroach bites the orc.
The orc dies!
It was a potion of degeneration.
There was something very wrong with that liquid.
You feel weakened.
You feel dopey.
You feel clumsy.
* * * LOW HITPOINT WARNING * * *
You feel sick. The adder barely misses you. The worm closely misses you.
The adder closely misses you.
Okay, then.
It was a potion of mutation.
You feel extremely strange.
Your connection to magic feels subdued.
You feel a little pissed off.
Rugged brown scales grow over part of your body.
The giant cockroach closely misses you. The adder bites you.
You die...

.......,.#,,,***,....?.,,,,,,,,,,
.......,...,,* *,.......,,,,,,,,,
.......,....,* *,.......,,,,,,,,,
......#*#...#####.......,,,,,,,,,
.....######...(.........,,,,,,,,,
.....##.................,,,,,,,,,
.....##.#######........,,,,,,,,,,
##..###.#≈≈≈≈≈#w...#...,,,,,,,,,,
#...##..#≈≈∩≈≈'S@..#********,,,,*
...#...$#≈≈≈≈≈#s##o#******,,,,,,,
##...)..#######.#*..#*,,,,,,,,,,,
##.##.(........#,*#..,*********,
#.##########.#.#**##.* **,
##.,,,* *,...## **# *,, *##***
*##### *** *


You could see a worm, an adder, a giant cockroach and a neutral orc (wandering).

Vanquished Creatures
  2 adders
  An ooze (D:2)
  A worm (D:2)
  A dart slug (D:1)
  A leopard gecko (D:1)
  7 orcs
  A ball python (D:3)
  4 giant cockroaches
  5 goblins
  2 hobgoblins (D:1)
  10 jackals
  7 kobolds
  2 quokkas
  7 bats
  2 frilled lizards
  10 rats
63 creatures vanquished.

Vanquished Creatures (others)
  An orc priest (D:4)
  An orc (D:4)
2 creatures vanquished.

Grand Total: 65 creatures vanquished

Notes
Turn   | Place    | Note
-------+----------+-------------------------------------------
     0 | D:1      | Darkshadow the Hill Orc Monk began the quest for the Orb.
     0 | D:1      | Reached XP level 1. HP: 19/19 MP: 1/1
   492 | D:1      | Reached XP level 2. HP: 26/27 MP: 2/2
   766 | D:1      | Reached skill level 1 in Armour
  1083 | D:2      | Reached XP level 3. HP: 30/33 MP: 3/3
  1226 | D:2      | Reached skill level 5 in Axes
  2038 | D:2      | Reached XP level 4. HP: 37/40 MP: 4/4
  2124 | D:2      | Found a hazy altar of Hepliaklqana.
  3101 | D:4      | Found a glowing drain.
  3132 | D:4      | Became a worshipper of Beogh the Brigand
  3132 | D:4      | Reached * piety under Beogh
  3132 | D:4      | Reached ** piety under Beogh
  3161 | D:4      | HP: 2/41 [poisoned by an adder]
  3162 | D:4      | Gained mutation: Your spells are a little easier to cast, but a little less powerful. [potion of mutation]
  3162 | D:4      | Gained mutation: You tend to lose your temper in combat. [potion of mutation]
  3162 | D:4      | Gained mutation: You are partially covered in rugged brown scales. (AC +1, +3% HP) [potion of mutation]
  3162 | D:4      | Slain by an adder

Vault maps used:
D:1:      dpeg_arrival_three_bigger_balls
D:2:      lemuel_doored_altar
D:3:      first_ration, skrybe_limestone_x
D:4:      gup_sewer_entry_glass, serial_shops, nicolae_shop_statue_plus

Skill      XL: |  1  2  3  4 |
---------------+-------------+-----
Armour         | 1 2 |  2.0
Fighting       | 4 |  4.5
Axes           | 5 |  5.7
Dodging        | |  2.4
Stealth        | |  1.5

Action                   |  1- 3 |  4- 6 || total
-------------------------+-------+-------++-------
Melee: Hand axe          |   118 |   117 ||   235
Throw: Stone             |    36 |    40 ||    76
Invok: Convert to Beogh  |       |     1 ||     1
  Use: Scroll            |       |     4 ||     4
       Potion            |       |     2 ||     2
 Stab: Sleeping          |     1 |     1 ||     2
  Eat: Chunk             |     4 |     3 ||     7
Armor: Robe              |    26 |    18 ||    44
Dodge: Dodged            |    93 |    83 ||   176

Table legend:
 A = Spawn XP
 B = Non-spawn XP
 C = Spawn XP percentage of total XP
 D = Spawn monster count
 E = Non-spawn monster count
 F = Spawn count percentage of total count
 G = Total turns spent on level
                    A         B        C        D         E        F      G
               +---------+---------+-------+---------+---------+-------+---------
         Total |       0 |     146 |   0.0 |       0 |      63 |   0.0 |  3162
               +---------+---------+-------+---------+---------+-------+---------
           D:1 |       0 |      51 |   0.0 |       0 |      22 |   0.0 |  1457
           D:2 |       0 |      36 |   0.0 |       0 |      16 |   0.0 |   795
           D:3 |       0 |      47 |   0.0 |       0 |      21 |   0.0 |   776
           D:4 |       0 |      12 |   0.0 |       0 |       4 |   0.0 |   134
               +---------+---------+-------+---------+---------+-------+---------
